Inferno vs Demolitions
Created - 1 avril 2013 at 19:12
Goals
|
| Inferno |
0 |
1 |
1 |
2 |
| Demolitions |
0 |
3 |
3 |
6 |
|
Shots
|
| Inferno |
8 |
15 |
1 |
24 |
| Demolitions |
12 |
11 |
8 |
31 |
|
1st period
No Goal
Penalties :
Brad Richardson (Vic) for Hooking (Minor) at 19:51
2nd period
1. Demolitions , Petr Vrana 11 (Brandon Bochenski) at 5:00
2. Inferno , Pierre-Luc Létourneau 12 (Matt Smaby, Vladimir Sobotka) at 10:46
3. Demolitions , Brad Richardson 24 (Jeremy Williams) at 12:01 (PP)
4. Demolitions , Brad Richardson 25 (Marco Sturm, Dennis Seidenberg) at 12:24 (PP)
Penalties :
Nicolas Blanchard (Vic) for Hooking (Minor) at 7:28, Brendan Smith (Anc) for Tripping (Minor) at 11:45, Matt Smaby (Anc) for Slashing (Double Minor) at 12:18, Brandon Bochenski (Vic) for Holding (Minor) at 17:29
3rd period
5. Inferno , Stephane Veilleux 14 (Jozef Balej, Matt Smaby) at 1:56
6. Demolitions , Jeremy Williams 32 (Brad Richardson) at 2:55
7. Demolitions , Petr Vrana 12 (Brandon Bochenski, Dennis Seidenberg) at 3:30
8. Demolitions , Ryan Craig 21 (Troy Brouwer, Jeremy Williams) at 12:20
Penalties :
Mikhail Grabovski (Anc) for Roughing (Minor) at 3:33, Jozef Balej (Anc) for Hooking (Minor) at 12:50, Anssi Salmela (Vic) for Holding Stick (Minor) at 14:58, Mikhail Grabovski (Anc) for Cross-checking (Minor) at 14:58
Goalie Stats
Josh Harding (Anc), 25 saves from 31 shots - (0,806), L, 14-16-4, 60:00 minutes
Antero Niittymaki (Vic), 22 saves from 24 shots - (0,917), W, 19-17-2, 60:00 minutes
Players Stats for Inferno
Player Name G A P +/- PIM S H SB GA TA FO MP PP MP PK MP
------------------------------------------------------------------------------------
Alec Martinez 0 0 0 -2 0 0 0 0 0 0 0/0 12:18 0:00 2:15
Alex Berry 0 0 0 0 0 0 1 0 0 0 0/0 8:07 0:06 0:00
Andrej Sekera 0 0 0 1 0 1 0 0 0 1 0/0 19:27 2:11 2:21
Brad Marchand 0 0 0 0 0 2 1 1 0 0 0/0 10:43 0:06 1:40
Branko Radivojevic 0 0 0 -1 0 4 2 1 1 0 5/12 22:24 3:13 3:29
Brayden Irwin 0 0 0 0 0 0 0 0 0 0 0/0 0:00 0:00 0:00
Brendan Mikkelson 0 0 0 -1 0 1 1 1 0 2 0/0 22:11 3:06 0:32
Brendan Smith 0 0 0 0 2 0 2 0 0 2 0/0 15:24 0:41 3:36
Brian Boyle 0 0 0 -1 0 2 0 1 1 0 8/14 16:17 2:38 0:41
Derek Meech 0 0 0 0 0 0 0 0 0 0 0/0 1:50 0:00 0:00
Jake Dowell 0 0 0 0 0 0 1 0 0 0 0/1 8:01 0:00 0:00
Jay Pandolfo 0 0 0 -1 0 2 1 0 0 2 4/4 19:48 3:13 1:41
Jozef Balej 0 1 1 -1 2 1 2 0 0 1 0/0 15:17 2:38 0:00
Mark Mitera 0 0 0 0 0 0 0 0 0 0 0/0 0:00 0:00 0:00
Matt Carkner 0 0 0 1 0 0 2 1 0 0 0/0 16:58 2:10 1:22
Matt Kassian 0 0 0 0 0 0 0 0 0 0 0/0 0:00 0:00 0:00
Matt Smaby 0 2 2 -2 4 2 1 1 0 0 0/0 23:42 3:46 2:32
Mikhail Grabovski 0 0 0 -1 4 1 4 2 1 2 10/23 20:29 3:13 2:31
Pierre-Luc Létourneau 1 0 1 0 0 2 2 0 1 0 0/0 11:19 0:06 0:00
Roman Wick 0 0 0 0 0 0 0 0 0 0 0/0 0:00 0:00 0:00
Ryan McGinnis 0 0 0 0 0 0 0 0 0 0 0/0 0:37 0:00 0:00
Stephane Veilleux 1 0 1 -1 0 5 1 0 1 1 1/1 16:09 2:38 1:00
Vladimir Sobotka 0 1 1 0 0 0 0 0 1 0 1/4 12:39 0:00 1:36
Vladimir Zharkov 0 0 0 0 0 1 0 0 1 1 1/2 10:20 0:00 0:00
Yannick Weber 0 0 0 -1 0 0 0 0 0 0 0/0 7:37 0:00 0:00
Players Stats for Demolitions
Player Name G A P +/- PIM S H SB GA TA FO MP PP MP PK MP
------------------------------------------------------------------------------------
Andy Rogers 0 0 0 2 0 3 2 3 1 2 0/0 25:11 4:09 3:24
Anssi Salmela 0 0 0 0 2 0 0 1 0 0 0/0 11:58 0:00 0:00
Anthony Stewart 0 0 0 0 0 0 4 0 1 1 1/2 17:13 2:51 1:09
Anton Babchuk 0 0 0 -1 0 0 1 0 0 1 0/0 19:25 2:10 2:33
Brad Richardson 2 1 3 1 2 5 5 2 1 0 14/26 21:12 3:28 2:09
Brandon Bochenski 0 2 2 1 2 1 1 0 0 0 0/1 11:09 0:00 0:00
Dennis Seidenberg 0 2 2 3 0 2 2 2 2 1 0/0 27:12 4:09 3:24
James Sheppard 0 0 0 0 0 0 0 0 0 0 5/6 7:31 0:00 0:00
Jeremy Williams 1 2 3 1 0 7 0 0 3 0 4/9 22:13 3:28 3:13
Josh Beaulieu 0 0 0 0 0 0 0 0 0 0 0/0 1:41 0:00 1:27
Kyle Wharton 0 0 0 0 0 0 0 1 1 1 0/0 11:12 0:00 0:00
Marc-André Bernier 0 0 0 0 0 0 1 0 0 0 0/0 8:07 0:00 0:00
Marco Sturm 0 1 1 1 0 3 2 0 2 0 3/5 19:55 3:28 1:31
Masi Marjamaki 0 0 0 0 0 1 1 0 0 0 1/1 7:31 0:00 0:00
Nicolas Blanchard 0 0 0 1 2 0 0 0 0 0 1/5 11:30 0:00 0:45
Petr Vrana 2 0 2 1 0 3 1 0 0 0 0/0 12:28 0:00 1:37
Robert Bortuzzo 0 0 0 1 0 0 0 0 0 0 0/0 5:36 0:00 0:00
Robert Klinkhammer 0 0 0 0 0 0 0 0 0 0 0/0 0:00 0:00 0:00
Ryan Craig 1 0 1 0 0 3 5 0 0 0 2/4 15:47 2:51 0:03
Taylor Chorney 0 0 0 -1 0 1 0 1 0 1 0/0 19:25 2:10 2:33
Troy Brouwer 0 1 1 0 0 2 0 0 1 0 0/2 15:44 2:51 0:00
3 Stars
1 - Brad Richardson (Vic)
2 - Petr Vrana (Vic)
3 - Jeremy Williams (Vic)
Power Play
Inferno - 0 on 3 Attempt(s) - 0,00%
Demolitions - 2 on 5 Attempt(s) - 40,00%
Penalty Kill
Inferno - 3 on 5 Attempt(s) - 60,00%
- Score 0 goal in Penalty Kill
Demolitions - 3 on 3 Attempt(s) - 100,00%
- Score 0 goal in Penalty Kill
Official
Referees : Sutherland Kelly and Pollock Kevin
Linesman : Scott Driscoll and Tony Sericolo
Game Notes
Derek Meech is injured at 5:00 of 1st period (Sprained Left Finger)
Inferno
5 vs 5 Forward
Center Left Wing Right Wing Time % Phy DF OF
1 Mikhail Grabovski Jay Pandolfo Branko Radivojevic 40 1 2 2
2 Brian Boyle Stephane Veilleux Jozef Balej 30 1 2 2
3 Vladimir Sobotka Pierre-Luc Létourneau Vladimir Zharkov 20 1 2 2
4 Jake Dowell Brad Marchand Alex Berry 10 1 2 2
5 vs 5 Defense
Defense Defense Time % Phy DF OF
1 Matt Smaby Derek Meech 40 1 2 2
2 Andrej Sekera Matt Carkner 30 1 2 2
3 Brendan Mikkelson Brendan Smith 20 1 2 2
4 Alec Martinez Yannick Weber 10 1 2 2
PowerPlay Forward
Center Left Wing Right Wing Time % Phy DF OF
1 Mikhail Grabovski Jay Pandolfo Branko Radivojevic 60 1 2 2
2 Brian Boyle Stephane Veilleux Jozef Balej 40 1 2 2
PowerPlay Defense
Defense Defense Time % Phy DF OF
1 Matt Smaby Derek Meech 60 1 2 2
2 Andrej Sekera Matt Carkner 40 1 2 2
Penalty Kill 4 Players Forward
Center Wing Time % Phy DF OF
1 Branko Radivojevic Mikhail Grabovski 60 1 2 2
2 Jay Pandolfo Stephane Veilleux 40 1 2 2
Penalty Kill 4 Players Defense
Defense Defense Time % Phy DF OF
1 Matt Smaby Derek Meech 60 1 2 2
2 Andrej Sekera Matt Carkner 40 1 2 2
Penalty Kill - 3 Players Forward
Forward Time % Phy DF OF
1 Branko Radivojevic 60 1 2 2
2 Mikhail Grabovski 40 1 2 2
Penalty Kill - 3 Players Defense
Defense Defense Time % Phy DF OF
1 Matt Smaby Derek Meech 60 1 2 2
2 Andrej Sekera Matt Carkner 40 1 2 2
4 vs 4 Forward
Center Wing Time % Phy DF OF
1 Branko Radivojevic Mikhail Grabovski 60 1 2 2
2 Jay Pandolfo Stephane Veilleux 40 1 2 2
4 vs 4 Defense
Defense Defense Time % Phy DF OF
1 Matt Smaby Derek Meech 60 1 2 2
2 Andrej Sekera Matt Carkner 40 1 2 2
Last Minutes Offensive
Center Left Wing Right Wing Defense Defense
Mikhail Grabovski Jay Pandolfo Branko Radivojevic Matt Smaby Derek Meech
Last Minutes Defensive
Center Left Wing Right Wing Defense Defense
Mikhail Grabovski Jay Pandolfo Branko Radivojevic Matt Smaby Derek Meech
Goaltenders
Starting : Josh Harding
Backup : Chris Holt
Extra Forwards
Normal : Pierre-Luc Létourneau, Brad Marchand, Vladimir Sobotka - PP : Pierre-Luc Létourneau, Brad Marchand - PK : Vladimir Sobotka
Extra Defensemen
Normal : Brendan Mikkelson, Brendan Smith, Alec Martinez - PP : Brendan Mikkelson - PK : Brendan Smith, Alec Martinez
Penalty Shots
Branko Radivojevic, Mikhail Grabovski, Jay Pandolfo, Stephane Veilleux, Brian Boyle
Demolitions
5 vs 5 Forward
Center Left Wing Right Wing Time % Phy DF OF
1 Brad Richardson Marco Sturm Jeremy Williams 40 1 2 2
2 Ryan Craig Troy Brouwer Anthony Stewart 30 1 2 2
3 Nicolas Blanchard Petr Vrana Brandon Bochenski 20 1 2 2
4 James Sheppard Masi Marjamaki Marc-André Bernier 10 1 2 2
5 vs 5 Defense
Defense Defense Time % Phy DF OF
1 Dennis Seidenberg Andy Rogers 40 1 2 2
2 Anton Babchuk Taylor Chorney 30 1 2 2
3 Anssi Salmela Kyle Wharton 20 1 2 2
4 Robert Bortuzzo Dennis Seidenberg 10 1 2 2
PowerPlay Forward
Center Left Wing Right Wing Time % Phy DF OF
1 Brad Richardson Marco Sturm Jeremy Williams 60 1 2 2
2 Ryan Craig Troy Brouwer Anthony Stewart 40 1 2 2
PowerPlay Defense
Defense Defense Time % Phy DF OF
1 Dennis Seidenberg Andy Rogers 60 1 2 2
2 Anton Babchuk Taylor Chorney 40 1 2 2
Penalty Kill 4 Players Forward
Center Wing Time % Phy DF OF
1 Jeremy Williams Brad Richardson 60 1 2 2
2 Marco Sturm Anthony Stewart 40 1 2 2
Penalty Kill 4 Players Defense
Defense Defense Time % Phy DF OF
1 Dennis Seidenberg Andy Rogers 60 1 2 2
2 Anton Babchuk Taylor Chorney 40 1 2 2
Penalty Kill - 3 Players Forward
Forward Time % Phy DF OF
1 Jeremy Williams 60 1 2 2
2 Brad Richardson 40 1 2 2
Penalty Kill - 3 Players Defense
Defense Defense Time % Phy DF OF
1 Dennis Seidenberg Andy Rogers 60 1 2 2
2 Anton Babchuk Taylor Chorney 40 1 2 2
4 vs 4 Forward
Center Wing Time % Phy DF OF
1 Jeremy Williams Brad Richardson 60 1 2 2
2 Marco Sturm Anthony Stewart 40 1 2 2
4 vs 4 Defense
Defense Defense Time % Phy DF OF
1 Dennis Seidenberg Andy Rogers 60 1 2 2
2 Anton Babchuk Taylor Chorney 40 1 2 2
Last Minutes Offensive
Center Left Wing Right Wing Defense Defense
Brad Richardson Marco Sturm Jeremy Williams Dennis Seidenberg Andy Rogers
Last Minutes Defensive
Center Left Wing Right Wing Defense Defense
Brad Richardson Marco Sturm Jeremy Williams Dennis Seidenberg Andy Rogers
Goaltenders
Starting : Antero Niittymaki
Backup : Sergei Bobrovsky
Extra Forwards
Normal : Brandon Bochenski, Marc-André Bernier, Petr Vrana - PP : Brandon Bochenski, Marc-André Bernier - PK : Petr Vrana
Extra Defensemen
Normal : Anssi Salmela, Kyle Wharton, Robert Bortuzzo - PP : Anssi Salmela - PK : Kyle Wharton, Robert Bortuzzo
Penalty Shots
Jeremy Williams, Brad Richardson, Marco Sturm, Anthony Stewart, Ryan Craig
% Time on Ice - Inferno
Lines # - Real PCT - Wanted PCT - Time Play
Normal Forward
1 - 33% - 40% - 14:53
2 - 27% - 30% - 12:31
3 - 23% - 20% - 10:20
4 - 18% - 10% - 8:01
Normal Defense
1 - 38% - 40% - 17:32
2 - 28% - 30% - 12:51
3 - 17% - 20% - 7:45
4 - 17% - 10% - 7:37
PP Forward
1 - 56% - 60% - 3:19
2 - 44% - 40% - 2:38
PP Defense
1 - 64% - 60% - 3:47
2 - 36% - 40% - 2:10
PK Forward
1 - 84% - 60% - 5:19
2 - 16% - 40% - 1:00
PK Defense
1 - 78% - 60% - 4:57
2 - 22% - 40% - 1:22
PK3 Forward
1 - 0% - 60%
2 - 0% - 40%
PK3 Defense
1 - 0% - 60%
2 - 0% - 40%
44 Forward
1 - 100% - 60% - 1:59
2 - 0% - 40% - 0:00
44 Defense
1 - 71% - 60% - 1:24
2 - 29% - 40% - 0:35
Last Minute Offensive - 0:00
Last Minute Defensive - 0:00
Total
Forward - 60:00
Defense - 60:00
|
% Time on Ice - Demolitions
Lines # - Real PCT - Wanted PCT - Time Play
Normal Forward
1 - 32% - 40% - 14:50
2 - 28% - 30% - 12:53
3 - 23% - 20% - 10:31
4 - 16% - 10% - 7:31
Normal Defense
1 - 36% - 40% - 16:28
2 - 30% - 30% - 13:53
3 - 24% - 20% - 11:12
4 - 9% - 10% - 4:12
PP Forward
1 - 55% - 60% - 3:28
2 - 45% - 40% - 2:51
PP Defense
1 - 66% - 60% - 4:09
2 - 34% - 40% - 2:10
PK Forward
1 - 81% - 60% - 4:48
2 - 19% - 40% - 1:09
PK Defense
1 - 57% - 60% - 3:24
2 - 43% - 40% - 2:33
PK3 Forward
1 - 0% - 60%
2 - 0% - 40%
PK3 Defense
1 - 0% - 60%
2 - 0% - 40%
44 Forward
1 - 83% - 60% - 1:39
2 - 17% - 40% - 0:20
44 Defense
1 - 59% - 60% - 1:10
2 - 41% - 40% - 0:49
Last Minute Offensive - 0:00
Last Minute Defensive - 0:00
Total
Forward - 60:00
Defense - 60:00
|
Play by Play
1st period
0:01 of 1st period - Mikhail Grabovski wins face-off versus Marco Sturm in neutral zone.
0:45 of 1st period - Matt Carkner is hit by Brandon Bochenski and loses puck.
1:08 of 1st period - Marc-André Bernier is hit by Matt Carkner and loses puck.
1:27 of 1st period - Alex Berry is hit by Anton Babchuk and loses puck.
1:59 of 1st period - Icing by Anssi Salmela.
2:00 of 1st period - Branko Radivojevic wins face-off versus Troy Brouwer in Demolitions zone.
2:34 of 1st period - Snap shot by Pierre-Luc Létourneau.
2:34 of 1st period - Deflect By Vladimir Zharkov.
2:34 of 1st period - Shot Misses the Net.
2:34 of 1st period - Puck is out of play.
2:35 of 1st period - Brian Boyle wins face-off versus Nicolas Blanchard in Demolitions zone.
3:42 of 1st period - Brendan Mikkelson is hit by Anthony Stewart and loses puck.
4:25 of 1st period - Matt Smaby is hit by Brad Richardson.
4:33 of 1st period - Snap shot by Jeremy Williams.
4:33 of 1st period - Stopped by Josh Harding without a rebound.
4:34 of 1st period - Jay Pandolfo wins face-off versus Brad Richardson in Inferno zone.
4:49 of 1st period - Wrist shot by Mikhail Grabovski.
4:49 of 1st period - Shot Blocked by Andy Rogers.
4:59 of 1st period - Derek Meech is hit by Ryan Craig and loses puck.
5:00 of 1st period - Derek Meech from Inferno is injured at 5:00 of 1st period (Sprained Left Finger).
5:01 of 1st period - Brad Richardson wins face-off versus Brian Boyle in Inferno zone.
5:10 of 1st period - Brian Boyle is hit by Brad Richardson and loses puck.
5:29 of 1st period - Wrist shot by Jay Pandolfo.
5:29 of 1st period - Shot Blocked by Andy Rogers.
5:31 of 1st period - Slapshot by Branko Radivojevic.
5:31 of 1st period - Stopped by Antero Niittymaki without a rebound.
5:32 of 1st period - Mikhail Grabovski wins face-off versus Ryan Craig in Demolitions zone.
5:41 of 1st period - Branko Radivojevic is hit by Ryan Craig and loses puck.
6:09 of 1st period - Wrist shot by Branko Radivojevic.
6:09 of 1st period - Stopped by Antero Niittymaki without a rebound.
6:10 of 1st period - Brad Richardson wins face-off versus Vladimir Sobotka in Demolitions zone.
6:25 of 1st period - Wrist shot by Brad Richardson.
6:25 of 1st period - Stopped by Josh Harding without a rebound.
6:26 of 1st period - Brian Boyle wins face-off versus Brandon Bochenski in Inferno zone.
6:37 of 1st period - Snap shot by Petr Vrana.
6:37 of 1st period - Stopped by Josh Harding with a rebound.
6:41 of 1st period - Snap shot by Brandon Bochenski.
6:41 of 1st period - Shot Blocked by Matt Smaby.
6:51 of 1st period - Brendan Mikkelson is hit by Andy Rogers and loses puck.
7:12 of 1st period - Branko Radivojevic is hit by Anthony Stewart and loses puck.
7:39 of 1st period - Wrist shot by Masi Marjamaki.
7:39 of 1st period - Shot Misses the Net.
7:41 of 1st period - Slapshot by Taylor Chorney.
7:41 of 1st period - Stopped by Josh Harding with a rebound.
7:54 of 1st period - Icing by Taylor Chorney.
7:55 of 1st period - James Sheppard wins face-off versus Brian Boyle in Demolitions zone.
7:55 of 1st period - James Sheppard is hit by Jozef Balej.
8:07 of 1st period - Snap shot by Marco Sturm.
8:07 of 1st period - Stopped by Josh Harding with a rebound.
8:47 of 1st period - Icing by Vladimir Zharkov.
8:48 of 1st period - Brad Richardson wins face-off versus Vladimir Sobotka in Inferno zone.
8:49 of 1st period - Wrist shot by Jeremy Williams.
8:49 of 1st period - Shot Blocked by Matt Carkner.
9:04 of 1st period - Wrist shot by Pierre-Luc Létourneau.
9:04 of 1st period - Shot Misses the Net.
9:06 of 1st period - Slapshot by Matt Carkner.
9:06 of 1st period - Shot Blocked by Kyle Wharton.
9:14 of 1st period - Wrist shot by Vladimir Sobotka.
9:14 of 1st period - Shot Misses the Net.
10:16 of 1st period - Slapshot by Vladimir Zharkov.
10:16 of 1st period - Shot Misses the Net.
10:20 of 1st period - Slapshot by Vladimir Sobotka.
10:20 of 1st period - Shot Blocked by Brad Richardson.
10:22 of 1st period - Slapshot by Andrej Sekera.
10:22 of 1st period - Stopped by Antero Niittymaki with a rebound.
10:46 of 1st period - Anssi Salmela is hit by Matt Carkner and loses puck.
10:59 of 1st period - Snap shot by Vladimir Zharkov.
10:59 of 1st period - Stopped by Antero Niittymaki without a rebound.
11:00 of 1st period - Anthony Stewart wins face-off versus Mikhail Grabovski in Demolitions zone.
11:16 of 1st period - Icing by Branko Radivojevic.
11:17 of 1st period - Nicolas Blanchard wins face-off versus Mikhail Grabovski in Inferno zone.
11:43 of 1st period - Ryan Craig is hit by Stephane Veilleux and loses puck.
12:24 of 1st period - Snap shot by Branko Radivojevic.
12:24 of 1st period - Stopped by Antero Niittymaki with a rebound.
12:26 of 1st period - Slapshot by Matt Smaby.
12:26 of 1st period - Stopped by Antero Niittymaki with a rebound.
15:09 of 1st period - Icing by Petr Vrana.
15:10 of 1st period - James Sheppard wins face-off versus Brian Boyle in Demolitions zone.
15:48 of 1st period - Wrist shot by Brandon Bochenski.
15:48 of 1st period - Stopped by Josh Harding with a rebound.
16:18 of 1st period - Off-side.
16:19 of 1st period - Brian Boyle wins face-off versus James Sheppard in neutral zone.
16:33 of 1st period - Icing by Taylor Chorney.
16:34 of 1st period - James Sheppard wins face-off versus Mikhail Grabovski in Demolitions zone.
16:36 of 1st period - Icing by Marc-André Bernier.
16:37 of 1st period - James Sheppard wins face-off versus Branko Radivojevic in Demolitions zone.
17:13 of 1st period - Snap shot by Branko Radivojevic.
17:13 of 1st period - Shot Misses the Net.
17:15 of 1st period - Wrist shot by Jay Pandolfo.
17:15 of 1st period - Stopped by Antero Niittymaki without a rebound.
17:16 of 1st period - Brian Boyle wins face-off versus Jeremy Williams in Demolitions zone.
17:23 of 1st period - Wrist shot by Brian Boyle.
17:23 of 1st period - Shot Misses the Net.
18:39 of 1st period - Snap shot by Troy Brouwer.
18:39 of 1st period - Shot Misses the Net.
18:41 of 1st period - Snap shot by Ryan Craig.
18:41 of 1st period - Stopped by Josh Harding with a rebound.
18:43 of 1st period - Snap shot by Ryan Craig.
18:43 of 1st period - Stopped by Josh Harding without a rebound.
18:44 of 1st period - Brian Boyle wins face-off versus Ryan Craig in Inferno zone.
18:59 of 1st period - Slapshot by Stephane Veilleux.
18:59 of 1st period - Stopped by Antero Niittymaki without a rebound.
19:00 of 1st period - Brad Richardson wins face-off versus Mikhail Grabovski in Demolitions zone.
19:05 of 1st period - Snap shot by Dennis Seidenberg.
19:05 of 1st period - Shot Blocked by Mikhail Grabovski.
19:07 of 1st period - Slapshot by Dennis Seidenberg.
19:07 of 1st period - Deflect By Jeremy Williams.
19:07 of 1st period - Shot Misses the Net.
19:07 of 1st period - Puck is out of play.
19:08 of 1st period - Jay Pandolfo wins face-off versus Marco Sturm in Inferno zone.
19:08 of 1st period - Jay Pandolfo is hit by Dennis Seidenberg.
19:14 of 1st period - Snap shot by Jeremy Williams.
19:14 of 1st period - Stopped by Josh Harding with a rebound.
19:16 of 1st period - Slapshot by Jeremy Williams.
19:16 of 1st period - Stopped by Josh Harding with a rebound.
19:18 of 1st period - Wrist shot by Jeremy Williams.
19:18 of 1st period - Stopped by Josh Harding with a rebound.
19:20 of 1st period - Slapshot by Dennis Seidenberg.
19:20 of 1st period - Shot Blocked by Mikhail Grabovski.
19:22 of 1st period - Slapshot by Andy Rogers.
19:22 of 1st period - Stopped by Josh Harding with a rebound.
19:30 of 1st period - Wrist shot by Jeremy Williams.
19:30 of 1st period - Shot Blocked by Branko Radivojevic.
19:48 of 1st period - Alec Martinez is hit by Brad Richardson.
19:51 of 1st period - Minor Penalty to Brad Richardson for Hooking.
19:52 of 1st period - Brian Boyle wins face-off versus Jeremy Williams in Demolitions zone.
2nd period
0:01 of 2nd period - Jeremy Williams wins face-off versus Mikhail Grabovski in neutral zone.
0:25 of 2nd period - Andy Rogers is hit by Matt Smaby and loses puck.
1:17 of 2nd period - Matt Smaby is hit by Marco Sturm.
1:51 of 2nd period - Penalty to Brad Richardson is over, Brad Richardson is back on ice.
1:57 of 2nd period - Anthony Stewart is hit by Pierre-Luc Létourneau and loses puck.
2:09 of 2nd period - Off-side.
2:10 of 2nd period - Masi Marjamaki wins face-off versus Jake Dowell in neutral zone.
2:40 of 2nd period - Snap shot by Troy Brouwer.
2:40 of 2nd period - Stopped by Josh Harding without a rebound.
2:41 of 2nd period - Brad Richardson wins face-off versus Mikhail Grabovski in Inferno zone.
3:12 of 2nd period - Snap shot by Stephane Veilleux.
3:12 of 2nd period - Stopped by Antero Niittymaki with a rebound.
3:50 of 2nd period - Slapshot by Dennis Seidenberg.
3:50 of 2nd period - Stopped by Josh Harding without a rebound.
3:51 of 2nd period - James Sheppard wins face-off versus Vladimir Sobotka in Inferno zone.
4:03 of 2nd period - Icing by Andrej Sekera.
4:04 of 2nd period - Brad Richardson wins face-off versus Vladimir Zharkov in Inferno zone.
4:05 of 2nd period - Slapshot by Marco Sturm.
4:05 of 2nd period - Stopped by Josh Harding without a rebound.
4:06 of 2nd period - Jay Pandolfo wins face-off versus Brad Richardson in Inferno zone.
4:40 of 2nd period - Wrist shot by Ryan Craig.
4:40 of 2nd period - Shot Blocked by Brian Boyle.
4:42 of 2nd period - Wrist shot by Ryan Craig.
4:42 of 2nd period - Shot Hit the Post.
5:00 of 2nd period - Snap shot by Petr Vrana.
5:00 of 2nd period - Goal by Petr Vrana - Inferno : 0 - Demolitions : 1.
5:01 of 2nd period - Mikhail Grabovski wins face-off versus Brad Richardson in neutral zone.
5:30 of 2nd period - Snap shot by Brian Boyle.
5:30 of 2nd period - Stopped by Antero Niittymaki with a rebound.
5:32 of 2nd period - Slapshot by Brian Boyle.
5:32 of 2nd period - Stopped by Antero Niittymaki without a rebound.
5:33 of 2nd period - Brian Boyle wins face-off versus Nicolas Blanchard in Demolitions zone.
5:34 of 2nd period - Wrist shot by Stephane Veilleux.
5:34 of 2nd period - Stopped by Antero Niittymaki with a rebound.
6:06 of 2nd period - Wrist shot by Branko Radivojevic.
6:06 of 2nd period - Shot Misses the Net.
6:08 of 2nd period - Snap shot by Jay Pandolfo.
6:08 of 2nd period - Shot Blocked by Taylor Chorney.
6:10 of 2nd period - Slapshot by Brendan Mikkelson.
6:10 of 2nd period - Stopped by Antero Niittymaki with a rebound.
6:32 of 2nd period - Andrej Sekera is hit by Brad Richardson and loses puck.
7:14 of 2nd period - Off-side.
7:15 of 2nd period - Branko Radivojevic wins face-off versus Nicolas Blanchard in neutral zone.
7:18 of 2nd period - Nicolas Blanchard is hit by Mikhail Grabovski and loses puck.
7:27 of 2nd period - Wrist shot by Branko Radivojevic.
7:27 of 2nd period - Shot Blocked by Anssi Salmela.
7:28 of 2nd period - Minor Penalty to Nicolas Blanchard for Hooking.
7:29 of 2nd period - Mikhail Grabovski wins face-off versus Jeremy Williams in Demolitions zone.
8:27 of 2nd period - Jay Pandolfo is hit by Marco Sturm and loses puck.
9:28 of 2nd period - Penalty to Nicolas Blanchard is over, Nicolas Blanchard is back on ice.
9:34 of 2nd period - Andy Rogers is hit by Mikhail Grabovski and loses puck.
9:45 of 2nd period - Andrej Sekera is hit by Dennis Seidenberg and loses puck.
10:11 of 2nd period - Snap shot by Brad Marchand.
10:11 of 2nd period - Stopped by Antero Niittymaki with a rebound.
10:17 of 2nd period - Slapshot by Jake Dowell.
10:17 of 2nd period - Shot Misses the Net.
10:19 of 2nd period - Snap shot by Brad Marchand.
10:19 of 2nd period - Stopped by Antero Niittymaki with a rebound.
10:40 of 2nd period - Off-side.
10:41 of 2nd period - Vladimir Sobotka wins face-off versus Nicolas Blanchard in neutral zone.
10:46 of 2nd period - Snap shot by Pierre-Luc Létourneau.
10:46 of 2nd period - Goal by Pierre-Luc Létourneau - Inferno : 1 - Demolitions : 1.
10:47 of 2nd period - Jay Pandolfo wins face-off versus Brad Richardson in neutral zone.
10:50 of 2nd period - Slapshot by Branko Radivojevic.
10:50 of 2nd period - Stopped by Antero Niittymaki without a rebound.
10:51 of 2nd period - Mikhail Grabovski wins face-off versus Brad Richardson in Demolitions zone.
11:18 of 2nd period - Snap shot by Jay Pandolfo.
11:18 of 2nd period - Stopped by Antero Niittymaki with a rebound.
11:45 of 2nd period - Minor Penalty to Brendan Smith for Tripping.
11:46 of 2nd period - Brad Richardson wins face-off versus Branko Radivojevic in Inferno zone.
11:51 of 2nd period - Slapshot by Brad Richardson.
11:51 of 2nd period - Stopped by Josh Harding without a rebound.
11:52 of 2nd period - Branko Radivojevic wins face-off versus Brad Richardson in Inferno zone.
11:57 of 2nd period - Snap shot by Jeremy Williams.
11:57 of 2nd period - Stopped by Josh Harding with a rebound.
11:59 of 2nd period - Snap shot by Brad Richardson.
11:59 of 2nd period - Shot Misses the Net.
12:01 of 2nd period - Snap shot by Brad Richardson.
12:01 of 2nd period - Goal by Brad Richardson - Inferno : 1 - Demolitions : 2.
12:02 of 2nd period - Mikhail Grabovski wins face-off versus Brad Richardson in neutral zone.
12:09 of 2nd period - Wrist shot by Jay Pandolfo.
12:09 of 2nd period - Deflect By Mikhail Grabovski.
12:09 of 2nd period - Shot Misses the Net.
12:09 of 2nd period - Puck is out of play.
12:10 of 2nd period - Mikhail Grabovski wins face-off versus Brad Richardson in Demolitions zone.
12:11 of 2nd period - Snap shot by Branko Radivojevic.
12:11 of 2nd period - Shot Misses the Net.
12:18 of 2nd period - Double Minor Penalty to Matt Smaby for Slashing.
12:19 of 2nd period - Marco Sturm wins face-off versus Branko Radivojevic in Inferno zone.
12:20 of 2nd period - Wrist shot by Jeremy Williams.
12:20 of 2nd period - Stopped by Josh Harding with a rebound.
12:22 of 2nd period - Slapshot by Dennis Seidenberg.
12:22 of 2nd period - Shot Misses the Net.
12:24 of 2nd period - Slapshot by Marco Sturm.
12:24 of 2nd period - Deflect By Brad Richardson.
12:24 of 2nd period - Goal by Brad Richardson - Inferno : 1 - Demolitions : 3.
12:25 of 2nd period - Brad Richardson wins face-off versus Branko Radivojevic in neutral zone.
12:41 of 2nd period - Off-side.
12:42 of 2nd period - Branko Radivojevic wins face-off versus Troy Brouwer in neutral zone.
12:55 of 2nd period - Snap shot by Branko Radivojevic.
12:55 of 2nd period - Shot Blocked by Dennis Seidenberg.
14:24 of 2nd period - Penalty to Matt Smaby is over, Matt Smaby is back on ice.
15:17 of 2nd period - Snap shot by Marco Sturm.
15:17 of 2nd period - Stopped by Josh Harding with a rebound.
15:39 of 2nd period - Wrist shot by Stephane Veilleux.
15:39 of 2nd period - Stopped by Antero Niittymaki without a rebound.
15:40 of 2nd period - Stephane Veilleux wins face-off versus Brad Richardson in Demolitions zone.
15:46 of 2nd period - Off-side.
15:47 of 2nd period - Ryan Craig wins face-off versus Mikhail Grabovski in neutral zone.
15:59 of 2nd period - Anthony Stewart is hit by Branko Radivojevic and loses puck.
16:20 of 2nd period - Wrist shot by Petr Vrana.
16:20 of 2nd period - Deflect By Nicolas Blanchard.
16:20 of 2nd period - Shot Misses the Net.
16:20 of 2nd period - Puck is out of play.
16:21 of 2nd period - Brian Boyle wins face-off versus Brad Richardson in Inferno zone.
16:31 of 2nd period - Snap shot by Jozef Balej.
16:31 of 2nd period - Stopped by Antero Niittymaki with a rebound.
16:33 of 2nd period - Slapshot by Andrej Sekera.
16:33 of 2nd period - Shot Blocked by Andy Rogers.
16:35 of 2nd period - Slapshot by Matt Carkner.
16:35 of 2nd period - Shot Misses the Net.
16:37 of 2nd period - Slapshot by Stephane Veilleux.
16:37 of 2nd period - Shot Misses the Net.
16:47 of 2nd period - Troy Brouwer is hit by Mikhail Grabovski and loses puck.
16:52 of 2nd period - Wrist shot by Jay Pandolfo.
16:52 of 2nd period - Shot Misses the Net.
17:17 of 2nd period - Anssi Salmela is hit by Jake Dowell and loses puck.
17:29 of 2nd period - Minor Penalty to Brandon Bochenski for Holding.
17:30 of 2nd period - Jeremy Williams wins face-off versus Mikhail Grabovski in Demolitions zone.
17:39 of 2nd period - Slapshot by Matt Smaby.
17:39 of 2nd period - Stopped by Antero Niittymaki without a rebound.
17:40 of 2nd period - Mikhail Grabovski wins face-off versus Jeremy Williams in Demolitions zone.
17:57 of 2nd period - Snap shot by Mikhail Grabovski.
17:57 of 2nd period - Stopped by Antero Niittymaki without a rebound.
17:58 of 2nd period - Jeremy Williams wins face-off versus Brian Boyle in Demolitions zone.
18:09 of 2nd period - Snap shot by Jozef Balej.
18:09 of 2nd period - Shot Blocked by Dennis Seidenberg.
18:13 of 2nd period - Snap shot by Jozef Balej.
18:13 of 2nd period - Shot Misses the Net.
19:23 of 2nd period - Slapshot by Dennis Seidenberg.
19:23 of 2nd period - Stopped by Josh Harding with a rebound.
19:29 of 2nd period - Penalty to Brandon Bochenski is over, Brandon Bochenski is back on ice.
19:39 of 2nd period - Snap shot by Pierre-Luc Létourneau.
19:39 of 2nd period - Stopped by Antero Niittymaki without a rebound.
19:40 of 2nd period - Vladimir Zharkov wins face-off versus Anthony Stewart in Demolitions zone.
19:57 of 2nd period - Vladimir Sobotka is hit by Ryan Craig and loses puck.
3rd period
0:01 of 3rd period - Marco Sturm wins face-off versus Mikhail Grabovski in neutral zone.
0:31 of 3rd period - Off-side.
0:32 of 3rd period - Ryan Craig wins face-off versus Brian Boyle in neutral zone.
1:56 of 3rd period - Wrist shot by Stephane Veilleux.
1:56 of 3rd period - Goal by Stephane Veilleux - Inferno : 2 - Demolitions : 3.
1:57 of 3rd period - Mikhail Grabovski wins face-off versus Jeremy Williams in neutral zone.
2:00 of 3rd period - Slapshot by Branko Radivojevic.
2:00 of 3rd period - Shot Blocked by Brad Richardson.
2:46 of 3rd period - Brad Marchand is hit by Masi Marjamaki and loses puck.
2:51 of 3rd period - Wrist shot by Masi Marjamaki.
2:51 of 3rd period - Deflect By Marc-André Bernier.
2:51 of 3rd period - Shot Blocked by Brad Marchand.
2:51 of 3rd period - Puck is out of play.
2:52 of 3rd period - Brad Richardson wins face-off versus Mikhail Grabovski in Inferno zone.
2:55 of 3rd period - Snap shot by Jeremy Williams.
2:55 of 3rd period - Goal by Jeremy Williams - Inferno : 2 - Demolitions : 4.
2:56 of 3rd period - Brad Richardson wins face-off versus Mikhail Grabovski in neutral zone.
3:00 of 3rd period - Dennis Seidenberg is hit by Mikhail Grabovski and loses puck.
3:30 of 3rd period - Snap shot by Brandon Bochenski.
3:30 of 3rd period - Deflect By Petr Vrana.
3:30 of 3rd period - Goal by Petr Vrana - Inferno : 2 - Demolitions : 5.
3:31 of 3rd period - Brad Richardson wins face-off versus Mikhail Grabovski in neutral zone.
3:33 of 3rd period - Minor Penalty to Mikhail Grabovski for Roughing.
3:34 of 3rd period - Branko Radivojevic wins face-off versus Brad Richardson in Inferno zone.
3:43 of 3rd period - Matt Smaby is hit by Andy Rogers and loses puck.
4:04 of 3rd period - Wrist shot by Troy Brouwer.
4:04 of 3rd period - Shot Misses the Net.
5:33 of 3rd period - Penalty to Mikhail Grabovski is over, Mikhail Grabovski is back on ice.
5:56 of 3rd period - Marc-André Bernier is hit by Brendan Smith and loses puck.
7:06 of 3rd period - Brad Richardson is hit by Brendan Mikkelson and loses puck.
7:33 of 3rd period - Andy Rogers is hit by Branko Radivojevic and loses puck.
10:07 of 3rd period - Anthony Stewart is hit by Pierre-Luc Létourneau and loses puck.
10:41 of 3rd period - Nicolas Blanchard is hit by Alex Berry and loses puck.
10:57 of 3rd period - Slapshot by Andy Rogers.
10:57 of 3rd period - Deflect By Alex Berry.
10:57 of 3rd period - Stopped by Josh Harding with a rebound.
10:59 of 3rd period - Snap shot by Petr Vrana.
10:59 of 3rd period - Shot Misses the Net.
11:29 of 3rd period - Wrist shot by Jake Dowell.
11:29 of 3rd period - Shot Misses the Net.
11:43 of 3rd period - Snap shot by Nicolas Blanchard.
11:43 of 3rd period - Shot Misses the Net.
11:45 of 3rd period - Snap shot by Andy Rogers.
11:45 of 3rd period - Stopped by Josh Harding without a rebound.
11:46 of 3rd period - Mikhail Grabovski wins face-off versus Brad Richardson in Inferno zone.
12:10 of 3rd period - Icing by Jeremy Williams.
12:11 of 3rd period - Brad Richardson wins face-off versus Brian Boyle in Demolitions zone.
12:18 of 3rd period - Slapshot by Troy Brouwer.
12:18 of 3rd period - Stopped by Josh Harding with a rebound.
12:20 of 3rd period - Wrist shot by Ryan Craig.
12:20 of 3rd period - Goal by Ryan Craig - Inferno : 2 - Demolitions : 6.
12:21 of 3rd period - Brad Richardson wins face-off versus Mikhail Grabovski in neutral zone.
12:48 of 3rd period - Jozef Balej is hit by Ryan Craig and loses puck.
12:50 of 3rd period - Minor Penalty to Jozef Balej for Hooking.
12:51 of 3rd period - Brad Richardson wins face-off versus Branko Radivojevic in Inferno zone.
12:54 of 3rd period - Wrist shot by Brad Richardson.
12:54 of 3rd period - Stopped by Josh Harding without a rebound.
12:55 of 3rd period - Marco Sturm wins face-off versus Branko Radivojevic in Inferno zone.
13:28 of 3rd period - Jay Pandolfo is hit by Ryan Craig and loses puck.
14:34 of 3rd period - Dennis Seidenberg is hit by Jay Pandolfo and loses puck.
14:50 of 3rd period - Penalty to Jozef Balej is over, Jozef Balej is back on ice.
14:58 of 3rd period - Minor Penalty to Anssi Salmela for Holding Stick.
14:58 of 3rd period - Minor Penalty to Mikhail Grabovski for Cross-checking.
14:59 of 3rd period - Jeremy Williams wins face-off versus Branko Radivojevic in Demolitions zone.
15:06 of 3rd period - Slapshot by Brad Richardson.
15:06 of 3rd period - Shot Misses the Net.
16:22 of 3rd period - Anton Babchuk is hit by Brad Marchand and loses puck.
16:58 of 3rd period - Penalty to Anssi Salmela is over, Anssi Salmela is back on ice.
16:58 of 3rd period - Penalty to Mikhail Grabovski is over, Mikhail Grabovski is back on ice.
17:30 of 3rd period - Slapshot by Masi Marjamaki.
17:30 of 3rd period - Shot Blocked by Brendan Mikkelson.
17:47 of 3rd period - Jay Pandolfo is hit by Petr Vrana and loses puck.
18:00 of 3rd period - Brendan Smith is hit by Anthony Stewart and loses puck.
18:16 of 3rd period - Dennis Seidenberg is hit by Brendan Smith and loses puck.
18:29 of 3rd period - Jay Pandolfo is hit by Marc-André Bernier and loses puck.
18:38 of 3rd period - Wrist shot by Masi Marjamaki.
18:38 of 3rd period - Stopped by Josh Harding with a rebound.
18:40 of 3rd period - Slapshot by Andy Rogers.
18:40 of 3rd period - Shot Misses the Net.
18:50 of 3rd period - Petr Vrana is hit by Jozef Balej and loses puck.
19:20 of 3rd period - Alec Martinez is hit by Brad Richardson and loses puck.
19:48 of 3rd period - Jay Pandolfo is hit by Anthony Stewart and loses puck.
Output by the SimonT Hockey Simulator (STHS) for François Prévost -- Original Page W3C XHTML 1.0 Valid